[Event "Early-Titled-Tuesday-Blitz-September-05-2023"]
[Site "Chess.com"]
[Date "2023.09.05"]
[Round "5"]
[White "Nf3c5"]
[Black "GaalZsoka"]
[Result "1-0"]
[WhiteElo "2613"]
[BlackElo "2461"]
[TimeControl "180+1"]
[EndTime "8:54:43 PDT"]
[Termination "Nf3c5 won by resignation"]

1. e4 e5 2. f4 exf4 3. Nf3 d6 4. d4 Nf6 5. Nc3 Be7 6. Bxf4 O-O 7. Bd3 Nc6 8. a3 Bg4 9. Be3 Nh5 10. O-O Bf6 11. Ne2 g6 12. Bh6 Re8 13.
c3 Bxf3 14. Rxf3 Bg5 15. Bxg5 Qxg5 16. Qb3 Nd8 17. Raf1 Rf8 18. Bc4 Qe7 19. g4 Ng7 20. Ng3 c6 21. a4 Nde6 22. Kg2 Ng5 23. Rf4 N7e6 24. R4f2 b5 25. axb5 cxb5 26. Bd5 Nc7 27. Bxa8 Nxa8 28. Rf4 Ne6 29. Rf6 Nac7 30. h4 a5 31. g5 a4 32. Qd1 d5 33. e5 Ng7 34.
Qf3 Nce6 35. Qxd5 Ne8 36. R6f2 N8c7 37. Qc6 Rd8 38. Ne4 Nd5 39. Nf6+ Nxf6 40. Rxf6 Qe8 41.
Qxe8+ Rxe8 42. Rxf7 1-0

[Event "Early-Titled-Tuesday-Blitz-September-05-2023"]
[Site "Chess.com"]
[Date "2023.09.05"]
[Round "5"]
[White "Vsevolod_Ovchinnikov"]
[Black "Magila31"]
[Result "1-0"]
[WhiteElo "2606"]
[BlackElo "2432"]
[TimeControl "180+1"]
[EndTime "8:54:44 PDT"]
[Termination "Vsevolod_Ovchinnikov won by resignation"]

1. d4 g6 2. c4 Bg7 3. Nf3 d6 4. Nc3 Nf6 5. e4 O-O 6. h3 c5 7. d5 e6 8. Bd3 exd5 9. cxd5 a6 10. a4 b6 11. O-O Ra7 12. Nd2 Nbd7 13. f4 Nh5 14. Nc4 Bd4+ 15. Kh2 Qh4 16. Qe1 Qxe1 17. Rxe1 Bf2 18. Rf1 Bg3+ 19. Kg1 g5 20. fxg5 Ne5 21. Nxe5 Bxe5 22. g4 Ng7 23. Bf4 Re7 24. Kg2 Ne8 25.
Kg3 Nc7 26. Bxe5 Rxe5 27. h4 Bd7 28. Rf6 Ne8 29. Rf4 Nc7 30. b3 b5 31. axb5 axb5 32. Ra7 Rc8 33. Rf6 b4 34. Rxd6 Be8 35. Nd1 Bb5 36.
Bc2 c4 37. bxc4 Bxc4 38. Rc6 b3 39. Rxc4 bxc2 40. Rxc2 Rxe4 41. Raxc7 1-0

[Event "Early-Titled-Tuesday-Blitz-September-05-2023"]
[Site "Chess.com"]
[Date "2023.09.05"]
[Round "5"]
[White "gm_rashid"]
[Black "Aevengho"]
[Result "0-1"]
[WhiteElo "2387"]
[BlackElo "2537"]
[TimeControl "180+1"]
[EndTime "8:54:44 PDT"]
[Termination "Aevengho won on time"]

1. e4 d6 2. d4 Nf6 3. f3 g6 4. Be3 Bg7 5. Qd2 c6 6. Nc3 b5 7. g4 h5 8. g5 Nfd7 9. f4 Nb6 10. Nf3 Qc7 11. Bd3 Bg4 12. Qf2 b4 13. Ne2 N8d7 14. O-O-O c5 15. dxc5 Nxc5 16. h3 Bd7 17. Bd4 Rc8 18. Ng3 O-O 19. Bxg7 Kxg7 20. f5 b3 21. f6+ Kg8 22. axb3 e5 23. Kb1 Ne6 24. Nh4 a5 25. Nhf5 Nf4 26. Ne7+ Kh7 27. Nxc8 Rxc8 28. Rh2 a4 29. bxa4 Nxa4 30. Nf1 Rb8 31. b3 Qc3 32. Kc1 Nc5 33. Re1 Ncxd3+ 34. Kd1 Nxf2+ 35. Rxf2 Nxh3 36. Rd2 Nf4 37. Rd3 Bg4+ 38. Kc1 Nxd3+ 0-1

[Event "Early-Titled-Tuesday-Blitz-September-05-2023"]
[Site "Chess.com"]
[Date "2023.09.05"]
[Round "5"]
[White "MrBad74"]
[Black "hakanazeri2"]
[Result "1-0"]
[WhiteElo "2360"]
[BlackElo "2585"]
[TimeControl "180+1"]
[EndTime "8:54:44 PDT"]
[Termination "MrBad74 won by resignation"]

1. e4 c5 2. Nf3 Nc6 3. Bb5 e6 4.
O-O Nge7 5. d4 cxd4 6. Nxd4 Nxd4 7. Qxd4 a6 8. Be2 Nc6 9. Qe3 Be7 10. c4 O-O 11. Nc3 b6 12. Rd1 Bb7 13. Qg3 Bf6 14. Bf4 Nd4 15. Bf1 Nc6 16. e5 Bh4 17.
Qd3 Bg5 18. Bg3 Bc8 19. Ne4 Be7 20. Nd6 f5 21. exf6 Bxf6 22. Nxc8 Rxc8 23. Qxd7 Qxd7 24. Rxd7 Bxb2 25. Rad1 e5 26. a4 Bd4 27. h4 Rf6 28. h5 Rcf8 29. Rd2 h6 30. Bd3 R8f7 31. Rd5 Rf8 32. Be4 Ne7 33. Rd7 Nf5 34. Kh2 Nxg3 35. fxg3 Rf1 36. Bf3 e4 37. Bxe4 Bg1+ 38. Kh3 Be3 39.
Re2 Bg5 40. Bd5+ Kh8 41. Kg4 Bf6 42. Re6 Rd1 43. Rxb6 Rd4+ 44. Kh3 Bg5 45. Rbb7 Rd1 46. Rxg7 Rh1+ 47. Kg4 1-0

[Event "Early-Titled-Tuesday-Blitz-September-05-2023"]
[Site "Chess.com"]
[Date "2023.09.05"]
[Round "5"]
[White "MusicCityMaster"]
[Black "joksijoksi"]
[Result "1-0"]
[WhiteElo "2367"]
[BlackElo "2525"]
[TimeControl "180+1"]
[EndTime "8:54:45 PDT"]
[Termination "MusicCityMaster won on time"]

1. e4 d5 2. exd5 Nf6 3. d4 Nxd5 4. Nf3 Bg4 5. Be2 e6 6. O-O Be7 7. c3 O-O 8. Re1 c5 9. dxc5 Bxc5 10. Ne5 Bxe2 11.
Qxe2 Nd7 12. Nd3 Bb6 13. c4 N5f6 14. Nc3 Nc5 15. Ne5 Rc8 16. Bg5 h6 17. Rad1 Qe7 18.
Bh4 Rcd8 19. Ng4 Rxd1 20. Nxf6+ gxf6 21. Rxd1 Rd8 22. Re1 Nd3 23. Ne4 Bd4 24. Rd1 Nf4 25. Qg4+ Ng6 26. h3 Be5 27. Re1 Rd4 28. f4 Rxe4 29. Rxe4 Bxb2 30. f5 Qc5+ 31. Bf2 Qxf5 32. Qxf5 exf5 33. Re8+ Kg7 34. Bxa7 Ne5 35. c5 Bd4+ 36. Kf1 Nc6 37. Bb6 f4 38. Rc8 Be5 39. a4 Nb4 40. a5 Kg6 41. Bc7 Bd4 42. Bd6 Na6 43. c6 b6 44. c7 bxa5 45. Rg8+ 1-0

[Event "Early-Titled-Tuesday-Blitz-September-05-2023"]
[Site "Chess.com"]
[Date "2023.09.05"]
[Round "5"]
[White "CheckThis4"]
[Black "Eloist"]
[Result "1-0"]
[WhiteElo "2664"]
[BlackElo "2445"]
[TimeControl "180+1"]
[EndTime "8:54:46 PDT"]
[Termination "CheckThis4 won on time"]

1. d4 e6 2. e4 d5 3. Nc3 Nf6 4. Bg5 dxe4 5. Nxe4 Be7 6. Bxf6 gxf6 7. Nf3 f5 8. Nc3 a6 9. Qd2 b5 10. O-O-O b4 11.
Na4 Bb7 12. Kb1 Qd6 13. Nc5 Bd5 14. Qe3 Nd7 15. Nxd7 Qxd7 16. Ne5 Qd6 17. Bc4 Bf6 18.
Bb3 Bxb3 19. axb3 Qd5 20. Rhe1 a5 21. g4 fxg4 22. Nxg4 Bg5 23. Qg3 Qd6 24. Re5 f6 25.
Qf3 O-O 26. Rc5 e5 27. h4 Bf4 28. Ne3 Bxe3 29. fxe3 Kh8 30. Rc6 Qe7 31. h5 exd4 32. exd4 Rae8 33. Rf1 f5 34. h6 Qe4 35. Rxc7 Qxd4 36.
Qg3 Rg8 37. Qf3 Ref8 38. Ka2 f4 39. Rd1 Qe3 40. Qc6 Rg6 41. Qb7 Rxh6 42. Rdd7 Qh3 43. Rc8 1-0

[Event "Early-Titled-Tuesday-Blitz-September-05-2023"]
[Site "Chess.com"]
[Date "2023.09.05"]
[Round "5"]
[White "ayanakhmetov"]
[Black "Mr_Lion22"]
[Result "1-0"]
[WhiteElo "2592"]
[BlackElo "2427"]
[TimeControl "180+1"]
[EndTime "8:54:46 PDT"]
[Termination "ayanakhmetov won on time"]

1. Nf3 d5 2. e3 c6 3. c4 Nf6 4. Nc3 Bg4 5. Qb3 Bxf3 6. Qxb7 Bg4 7. Qxa8 d4 8. exd4 Qc7 9. c5 e5 10. d5 Bxc5 11. dxc6 Qb6 12. Be2 Bxf2+ 13. Kf1 Bxe2+ 14. Kxe2 O-O 15. Rf1 Nxc6 16. Qxf8+ Kxf8 17. Rxf2 Nd4+ 18. Kd1 Nc2 19. Rxf6 Qxf6 20. Kxc2 Qg6+ 21. d3 Qxg2+ 22. Bd2 Qxh2 23. b4 f5 24. b5 Ke7 25. a4 g5 26. a5 Qf2 27. b6 a6 28. b7 Qa7 29.
Rb1 Qb8 30. Bxg5+ Kd7 31. Nd5 Kc6 32. Ne7+ Kd7 33. Nxf5 Qc7+ 34. Kd2 Qxa5+ 35. Ke3 Qc5+ 36. Kf3 Qc6+ 37. Kg3 Qg6 38. b8=Q Qxg5+ 39. Kh2 Qh5+ 40.
Kg2 Qe2+ 41. Kh3 Qh5+ 42. Nh4 1-0

[Event "Early-Titled-Tuesday-Blitz-September-05-2023"]
[Site "Chess.com"]
[Date "2023.09.05"]
[Round "5"]
[White "Chessdude1987"]
[Black "DarZay"]
[Result "1-0"]
[WhiteElo "2430"]
[BlackElo "2265"]
[TimeControl "180+1"]
[EndTime "8:54:46 PDT"]
[Termination "Chessdude1987 won by resignation"]

1. e4 c5 2. Nf3 Nc6 3. Bb5 g6 4. Bxc6 dxc6 5. Qe2 Bg7 6. d3 Nf6 7. Nc3 O-O 8. Be3 b6 9. O-O-O Bb7 10. h4 Ng4 11.
Bd2 h5 12. Ng5 Qd6 13. f3 Ne5 14. g4 b5 15. gxh5 gxh5 16. f4 Ng4 17. e5 Qc7 18. Rdg1 Bc8 19. e6 fxe6 20. Rxg4 hxg4 21. Qe4 Rf5 22.
Nxe6 Bxe6 23. Qxe6+ Rf7 24. Qxg4 Qc8 25. Qg2 Rf6 26. Rg1 Rf7 27. Ne4 Qf5 28. Ng5 Qf6 29. Nxf7 Qxb2+ 30. Kd1 Kxf7 31. Qg6+ Kf8 32. h5 Qf6 33.
Qg4 Kf7 34. f5 Qa1+ 35. Ke2 Qe5+ 36. Kf1 Rh8 37. Qg6+ Kf8 38. h6 Bf6 39. h7 Qa1+ 40.
Ke2 Qe5+ 41. Kf3 Qd5+ 42. Ke2 Qf7 43. Bh6+ Ke8 44. Qg8+ Kd7 45. Qxf7 1-0

[Event "Early-Titled-Tuesday-Blitz-September-05-2023"]
[Site "Chess.com"]
[Date "2023.09.05"]
[Round "5"]
[White "Srisshhhtea"]
[Black "KVAIDAN"]
[Result "0-1"]
[WhiteElo "2397"]
[BlackElo "2230"]
[TimeControl "180+1"]
[EndTime "8:54:46 PDT"]
[Termination "KVAIDAN won on time"]

1. e4 e5 2. Nf3 d5 3. exd5 e4 4. Ne5 Qxd5 5. d4 exd3 6. Nxd3 Nc6 7. Nc3 Bb4 8. Bd2 Qe6+ 9. Be2 Nd4 10. Nxb4 Nf6 11. O-O O-O 12. Be3 Nf5 13. Bg5 c6 14. Bf3 a5 15. Re1 Qc4 16. Nd3 Nd7 17. Qd2 h6 18.
Bf4 Nf6 19. Ne5 Qb4 20. Ne4 Nd5 21. Qxb4 axb4 22. Bg3 Nd4 23. Bd1 f6 24. Nd3 Re8 25.
Nd6 Rxe1+ 26. Nxe1 Bf5 27. Nxf5 Nxf5 28. Bf3 Nb6 29.
c3 b3 30. a3 Nc4 31. Nd3 Rd8 32. Nc5 Nxb2 33. Rb1 Nc4 34. Nxb7 Rd2 35. Rxb3 Ra2 36. h4 Nd2 37. Rb6 Nxf3+ 38. gxf3 Rxa3 39. Rxc6 Ne7 40. Rc7 Nd5 41. Rc8+ Kf7 42. c4 Rc3 43. Nd6+ Kg6 44. cxd5 Rd3 45. Rc7 Rxd5 46. Ne8 Kh5 0-1

[Event "Early-Titled-Tuesday-Blitz-September-05-2023"]
[Site "Chess.com"]
[Date "2023.09.05"]
[Round "5"]
[White "AquivaRubinstein"]
[Black "Amirreza_p"]
[Result "0-1"]
[WhiteElo "2464"]
[BlackElo "2619"]
[TimeControl "180+1"]
[EndTime "8:54:47 PDT"]
[Termination "Amirreza_p won on time"]

1. d4 Nf6 2. c4 e6 3. Nf3 d5 4.
Nc3 Bb4 5. Bg5 h6 6. Bxf6 Qxf6 7. e3 O-O 8. Bd3 dxc4 9. Bxc4 c5 10. O-O Bxc3 11. bxc3 b6 12. a4 Nc6 13. Qe2 Bb7 14. Ba6 Bxa6 15. Qxa6 Qe7 16. h3 Rfd8 17. Rfd1 Rac8 18.
Rac1 Na5 19. Ne5 Qc7 20. Rb1 Rd6 21. Qe2 Rcd8 22. Qh5 Nc6 23. Ng4 Rd5 24. Qh4 cxd4 25. cxd4 h5 26. Nh2 Qd7 27. Nf3 Qe7 28. Qxe7 Nxe7 29.
Rbc1 R8d7 30. Ne5 Rb7 31. Rc4 Ra5 32. Rdc1 b5 33. Rc7 Rxc7 34. Rxc7 bxa4 35. Rxe7 a3 36. Nc4 a2 37. Nxa5 a1=Q+ 38. Kh2 Qxa5 39. Re8+ Kh7 40. Re7 Kg6 41. g3 Qb6 42. Rd7 a5 0-1

[Event "Early-Titled-Tuesday-Blitz-September-05-2023"]
[Site "Chess.com"]
[Date "2023.09.05"]
[Round "5"]
[White "suyu28"]
[Black "H_E_D_G_E_H_O_G"]
[Result "1-0"]
[WhiteElo "2724"]
[BlackElo "2061"]
[TimeControl "180+1"]
[EndTime "8:54:47 PDT"]
[Termination "suyu28 won on time"]

1. d4 Nf6 2. c4 c5 3. d5 g6 4. Nc3 d6 5. e4 Bg7 6. h3 O-O 7. Nf3 e6 8. Bd3 exd5 9. exd5 Re8+ 10. Be3 Rxe3+ 11. fxe3 Qe7 12. Qd2 Nbd7 13. O-O b6 14. Rf2 Ba6 15. e4 Ne5 16. Nxe5 Qxe5 17. Raf1 Rf8 18.
Qc2 Qe7 19. e5 Qxe5 20. Qe2 Nd7 21. Qc2 Qh5 22. Be2 Qh6 23. Kh1 Bd4 24. Rf4 Ne5 25. Ne4 Bc8 26. Nf6+ Kg7 27. Qe4 Bf5 28. Rxf5 gxf5 29.
Rxf5 Ng6 30. Ng4 Qc1+ 31. Rf1 Qxb2 32. Bd3 h5 33. Nh2 Bf6 34. Nf3 Qxa2 35. Qf5 Qb2 36. Qxh5 a5 37. Qg4 a4 38. h4 1-0

[Event "Early-Titled-Tuesday-Blitz-September-05-2023"]
[Site "Chess.com"]
[Date "2023.09.05"]
[Round "5"]
[White "CSB7"]
[Black "rasmussvane"]
[Result "1/2-1/2"]
[WhiteElo "2706"]
[BlackElo "2953"]
[TimeControl "180+1"]
[EndTime "8:54:48 PDT"]
[Termination "Game drawn by repetition"]

1. d4 d5 2. c4 e6 3. Nf3 a6 4. c5 Nc6 5. Bf4 Nf6 6. Nc3 Nh5 7. Bd2 g6 8. e3 Bg7 9. Be2 O-O 10. O-O f5 11. Rb1 Nf6 12. b4 Ne4 13. a4 e5 14. dxe5 Nxe5 15. Nxe5 Bxe5 16. Qc2 Be6 17. Nxe4 fxe4 18. Bc3 Qf6 19. Bxe5 Qxe5 20. c6 b6 21. a5 b5 22. Qc5 Rf6 23. Rbd1 Bf7 24. f4 Qd6 25. Rc1 Rd8 26. Qd4 Be8 27. Rc5 Qe6 28. Rfc1 Rd6 29. Bd1 Bxc6 30. Bb3 Kg7 31.
h3 h5 32. Kh2 Kh7 33. Qe5 Qd7 34. Bxd5 Rf5 35. Bxc6 Rxe5 36. fxe5 Rxc6 37. Rxc6 Kh6 38. e6 Qe7 39. R1c5 h4 40. Re5 Qf6 41. Rxe4 Qf2 42.
e7 Qg3+ 43. Kg1 Qe1+ 44. Kh2 Qg3+ 45. Kg1 Qe1+ 46. Kh2 Qg3+ 1/2-1/2

[Event "Early-Titled-Tuesday-Blitz-September-05-2023"]
[Site "Chess.com"]
[Date "2023.09.05"]
[Round "5"]
[White "DefiantChair"]
[Black "Genghis_K"]
[Result "1-0"]
[WhiteElo "2650"]
[BlackElo "2850"]
[TimeControl "180+1"]
[EndTime "8:54:48 PDT"]
[Termination "DefiantChair won by resignation"]

1. e4 c5 2. Nf3 d6 3. d4 cxd4 4. Nxd4 Nf6 5. Nc3 a6 6. Bg5 e6 7.
f4 h6 8. Bh4 Nbd7 9. Qf3 e5 10.
Bxf6 Nxf6 11. fxe5 dxe5 12. Nf5 Bxf5 13. Qxf5 Bb4 14. Qxe5+ Qe7 15. Qxe7+ Kxe7 16. Bd3 Rac8 17. Kd2 Rhd8 18. Rhe1 Ng4 19. e5 Nxh2 20. Re4 Bxc3+ 21. bxc3 h5 22. Rh1 Ng4 23. Rxh5 Nf2 24. Rf4 Nxd3 25. cxd3 Rd5 26. Rhf5 Rf8 27. a4 g6 28. Rg5 Ke6 29. Rxg6+ fxg6 30. Rxf8 Kxe5 31. Rb8 Rd7 32. Ke3 Kf5 33. d4 Kg4 34. Rg8 g5 35. c4 Re7+ 36. Kd3 Re1 37. d5 Ra1 38. c5 Kf5 39. d6 a5 40. Kc4 Ke6 41. Rxg5 Rb1 42.
Rg6+ Kd7 43. Rg7+ Ke6 44. Re7+ Kf6 45. Re2 Rc1+ 46. Kb5 Rb1+ 47. Kxa5 Kf7 48. d7 Rd1 49.
Kb6 Rxd7 50. a5 Kf6 51. a6 bxa6 52. c6 Rd6 53. Kb7 Rd4 54. c7 1-0

[Event "Early-Titled-Tuesday-Blitz-September-05-2023"]
[Site "Chess.com"]
[Date "2023.09.05"]
[Round "5"]
[White "mishanick"]
[Black "platy3"]
[Result "1-0"]
[WhiteElo "3067"]
[BlackElo "2922"]
[TimeControl "180+1"]
[EndTime "8:54:50 PDT"]
[Termination "mishanick won by resignation"]

1. d4 Nf6 2. c4 e6 3. Nc3 d5 4. cxd5 exd5 5. Bf4 Bb4 6. e3 O-O 7. Bd3 c5 8. Ne2 Nc6 9. dxc5 Bxc5 10. O-O d4 11.
exd4 Nxd4 12. Nxd4 Qxd4 13. Be3 Qe5 14. Bxc5 Qxc5 15.
Qf3 Rd8 16. h3 Be6 17. Rad1 Rd7 18. Be4 Nxe4 19. Qxe4 Rad8 20. Qxb7 Rxd1 21. Rxd1 Rxd1+ 22. Nxd1 h6 23. Nc3 a5 24. a3 Kh7 25. Qe4+ g6 26. Qe3 Qc4 27. f3 Qb3 28. Qd2 Qb6+ 29. Kh2 Qb8+ 30.
Kh1 Qe5 31. Ne4 g5 32. Qc3 Qf4 33. Kg1 Kg6 34. Kf2 Qf5 35. Qc5 Bd5 36. Qd6+ Kg7 37. g4 Qe6 38. Qxe6 Bxe6 39. b4 axb4 40. axb4 Kg6 41. Nd6 Kf6 42. b5 Ke7 43. Nf5+ Kd7 44. Nxh6 Bc4 45. b6 Kc6 46. Ke3 f6 47. Kd4 Bf1 48.
Ke4 Bxh3 49. Ng8 1-0

[Event "Early-Titled-Tuesday-Blitz-September-05-2023"]
[Site "Chess.com"]
[Date "2023.09.05"]
[Round "5"]
[White "NowInChess"]
[Black "BigPiano"]
[Result "1-0"]
[WhiteElo "2276"]
[BlackElo "2394"]
[TimeControl "180+1"]
[EndTime "8:54:50 PDT"]
[Termination "NowInChess won on time"]

1. e4 c6 2. d4 d5 3. exd5 cxd5 4. c4 Nf6 5. Nc3 Nc6 6. Bf4 e6 7. c5 Be7 8. Nf3 O-O 9. Bb5 Bd7 10. O-O a6 11. Bxc6 Bxc6 12. b4 Ne4 13. Qc2 Bf6 14.
a4 b5 15. axb5 axb5 16. Ne5 Bxe5 17. Bxe5 f6 18. Bg3 Qd7 19. f3 Nxg3 20. hxg3 Ra7 21.
Rxa7 Qxa7 22. Re1 Re8 23. Qb2 Kf7 24. Ra1 Qb7 25. Qc2 Ra8 26. Rxa8 Qxa8 27. Qa2 Qxa2 28. Nxa2 e5 29. Kf2 exd4 30. Ke2 Ke6 31. Kd3 Ke5 32. Nc1 g5 33. Ne2 Be8 34. Nxd4 h5 35. Ke3 f5 36. f4+ Kf6 37. Nf3 g4 38. Ne5 Ke6 39. Kd4 h4 40. gxh4 Bh5 41. g3 Be8 42. Kc3 Bh5 43. Kd3 Be8 44.
Kd4 Bh5 45. c6 Kd6 46. c7 Kxc7 47. Kxd5 1-0

[Event "Early-Titled-Tuesday-Blitz-September-05-2023"]
[Site "Chess.com"]
[Date "2023.09.05"]
[Round "5"]
[White "Herman-NY"]
[Black "Aygehovit1992"]
[Result "0-1"]
[WhiteElo "2484"]
[BlackElo "2704"]
[TimeControl "180+1"]
[EndTime "8:54:52 PDT"]
[Termination "Aygehovit1992 won by resignation"]

1. e4 c5 2. Nf3 d6 3. d4 cxd4 4. Nxd4 Nf6 5. Nc3 g6 6. Be3 Nc6 7. f3 h5 8. Nb3 a5 9. a4 h4 10. h3 Bh6 11. Bxh6 Rxh6 12. Qd2 Rh5 13. Bb5 Bd7 14. O-O-O Nb4 15. Kb1 Rc8 16. Rc1 b6 17. Rhd1 Kf8 18. Qe3 Qc7 19. Rd2 Bxb5 20. Nxb5 Qc4 21.
Na3 Qc6 22. Nb5 Nd7 23. c3 Na6 24. Na7 Qxa4 25. Nxc8 Qxb3 26. Qd4 Nac5 27. Rcd1 a4 28. Qb4 Qxb4 29. cxb4 Nb3 30. Rc2 Rb5 31. Na7 Rxb4 32. Rc7 Ndc5 33. Nc6 Rb5 34. Nxe7 a3 35. Rxd6 axb2 36.
Rd8+ Kg7 37. Nd5 Na5 38. Nc3 Rb3 39. Nd1 Nc4 40. Nxb2 Rxb2+ 41. Ka1 Rxg2 42. Rd3 Nxd3 43. Rxc4 Nf4 44. Rc6 Nxh3 45. Rxb6 Nf4 46. Rb1 h3 47. Rh1 h2 0-1

[Event "Early-Titled-Tuesday-Blitz-September-05-2023"]
[Site "Chess.com"]
[Date "2023.09.05"]
[Round "5"]
[White "isaak2009"]
[Black "kasun_bole"]
[Result "0-1"]
[WhiteElo "2544"]
[BlackElo "2409"]
[TimeControl "180+1"]
[EndTime "8:54:52 PDT"]
[Termination "kasun_bole won on time"]

1. d4 Nf6 2. c4 e6 3. Nc3 Bb4 4. e3 O-O 5. Bd3 d6 6. Ne2 Nbd7 7. a3 Bxc3+ 8. Nxc3 Qe7 9. O-O e5 10. Qc2 b6 11. b4 a5 12. Bb2 Bb7 13. Bf5 Rfe8 14. d5 g6 15. Bh3 Nh5 16. Nb5 Ndf6 17. g3 Bc8 18. Bg2 Ng7 19. e4 Ng4 20. h3 Nh6 21. Bc1 g5 22. Nxc7 Qxc7 23. Bxg5 Nhf5 24. exf5 Bxf5 25. Qd2 axb4 26. axb4 Qxc4 27. Rxa8 Rxa8 28. Bf6 Bg6 29. Qh6 Nf5 30. Qg5 h6 31. Qd2 Kh7 32.
h4 Ra2 33. Qe1 Qe2 34. Qxe2 Rxe2 35. Bh3 Nd4 36. Be7 Bf5 37. Bg2 Nb5 38. Bd8 Rb2 39.
Bxb6 Rxb4 40. Bd8 Nd4 41. Kh2 Rb7 42. Ba5 h5 43. Rc1 Nb3 44. Rc7 Nxa5 45. Rc3 Nb3 0-1

[Event "Early-Titled-Tuesday-Blitz-September-05-2023"]
[Site "Chess.com"]
[Date "2023.09.05"]
[Round "5"]
[White "Casper"]
[Black "Ginger_GM"]
[Result "1-0"]
[WhiteElo "2435"]
[BlackElo "2599"]
[TimeControl "180+1"]
[EndTime "8:54:54 PDT"]
[Termination "Casper won on time"]

1. e4 c5 2. h4 Nc6 3. Nf3 e6 4. Nc3 d5 5. exd5 exd5 6. d4 Nf6 7. Bg5 Bg4 8. Bb5 Be7 9. Qd3 O-O 10. Bxc6 bxc6 11. Ne5 cxd4 12. Qxd4 c5 13. Qd3 Be6 14. Nc6 Qd6 15. Nxe7+ Qxe7 16. O-O-O Rab8 17. Rhe1 Qb7 18. b3 c4 19. Qg3 Nh5 20. Qf3 Rfc8 21. Nxd5 cxb3 22.
Ne7+ Qxe7 23. Bxe7 bxc2 24. Rd8+ Rxd8 25. Bxd8 Rb1+ 26.
Kxc2 Rxe1 27. Qc3 Bf5+ 28. Kd2 Re8 29. Qc7 Be6 30. f3 g6 31. a4 Ng7 32. Bf6 Nf5 33.
Qxa7 h5 34. a5 Rc8 35. a6 Nd6 36. Ke1 Nc4 37. Kf2 Re8 38. Kg1 Bf5 39. Qc7 Re1+ 40.
Kh2 Nd2 41. a7 Re2 42. a8=Q+ Kh7 43. Qa6 Nf1+ 44. Kg1 Ng3 45. Qxf7+ 1-0

[Event "Early-Titled-Tuesday-Blitz-September-05-2023"]
[Site "Chess.com"]
[Date "2023.09.05"]
[Round "5"]
[White "SAInt_666"]
[Black "malakismayil"]
[Result "0-1"]
[WhiteElo "2692"]
[BlackElo "2519"]
[TimeControl "180+1"]
[EndTime "8:54:54 PDT"]
[Termination "malakismayil won by checkmate"]

1. e4 e5 2. Nf3 Nc6 3. Bc4 Bc5 4. c3 Nf6 5. d3 d6 6. O-O h6 7. Nbd2 O-O 8. h3 Bb6 9. Re1 Re8 10. Nf1 Be6 11.
Bb5 Bd7 12. Ng3 a6 13. Ba4 Ne7 14. Bc2 Ng6 15. d4 Bc6 16. Nf5 exd4 17. Bxh6 gxh6 18.
Qd2 Nxe4 19. Qxh6 Qf6 20. Qh5 d3 21. Nh6+ Kf8 22. Ng4 Qh8 23. Qxh8+ Nxh8 24. Bxd3 f5 25. Ne3 Ng6 26. Nd4 Bxd4 27. cxd4 f4 28. Ng4 Kg7 29. Rac1 Nf6 30. Rxe8 Rxe8 31. Nxf6 Kxf6 32. d5 Bxd5 33. Rxc7 Re1+ 34. Kh2 Ne5 35. Bc2 Re2 36. Kg1 f3 37. gxf3 Nxf3+ 38. Kf1 Re1+ 39. Kg2 Nd4+ 40.
Kh2 Rc1 41. Rd7 Rxc2 42. Rxd6+ Ke5 43. Rd8 Rxf2+ 44. Kg3 Rg2+ 45. Kh4 Nf5+ 46. Kh5 Bf3# 0-1

[Event "Early-Titled-Tuesday-Blitz-September-05-2023"]
[Site "Chess.com"]
[Date "2023.09.05"]
[Round "5"]
[White "MITerryble"]
[Black "Msb2"]
[Result "1-0"]
[WhiteElo "2944"]
[BlackElo "3097"]
[TimeControl "180+1"]
[EndTime "8:54:55 PDT"]
[Termination "MITerryble won by checkmate"]

1. e4 e6 2. d4 d5 3. exd5 exd5 4.
Nf3 Nc6 5. Bd3 Nb4 6. Be2 Bf5 7.
Na3 Nc6 8. O-O Bxa3 9. bxa3 Nge7 10. c4 O-O 11. Re1 Re8 12. Bg5 Qd7 13. Rc1 Be6 14. c5 f6 15. Bf4 Ng6 16. Be3 Bf5 17. Qb3 Rab8 18. Nd2 Kh8 19. Qa4 a6 20. Nb3 Bg4 21. Bf1 Nh4 22. Na5 Nxa5 23. Qxa5 Qf5 24. Qxc7 Qh5 25.
Bf4 Rec8 26. Qe7 Re8 27. Qc7 Rec8 28. Qb6 Bf3 29. Bxb8 Rxb8 30. Qc7 Rg8 31. gxf3 Nxf3+ 32. Kh1 Nxe1 33. Rxe1 Qf3+ 34. Kg1 Qc3 35. Rd1 Qc2 36. Re1 Qc3 37. Re3 Qxd4 38. Qd6 Qg4+ 39. Rg3 Qe4 40. h3 d4 41. Rg4 Qc2 42. Qxd4 Qxa2 43. Qe3 Qc2 44.
Bg2 Rd8 45. Rd4 Qb1+ 46. Kh2 Rc8 47. Qe6 Rf8 48. Qe7 Rg8 49. Rd8 h6 50. Rxg8+ Kxg8 51. Qe8+ Kh7 52. Be4+ f5 53. Bxb1 g6 54. Qf7+ Kh8 55.
Ba2 f4 56. Qg8# 1-0

[Event "Early-Titled-Tuesday-Blitz-September-05-2023"]
[Site "Chess.com"]
[Date "2023.09.05"]
[Round "5"]
[White "whiteglovethief"]
[Black "Durarbayli"]
[Result "0-1"]
[WhiteElo "2517"]
[BlackElo "2875"]
[TimeControl "180+1"]
[EndTime "8:54:55 PDT"]
[Termination "Durarbayli won on time"]

1. d4 Nf6 2. c4 e6 3. Nf3 b6 4. a3 Bb7 5. Nc3 Be7 6. Qc2 c5 7. e4 cxd4 8. Nxd4 d6 9. Be2 a6 10. O-O Qc7 11. Be3 Nbd7 12. Rac1 Rc8 13. b4 Qb8 14. Qb3 Nxe4 15. Nxe4 Bxe4 16. Rfd1 Qa8 17. f3 Bb7 18. a4 O-O 19. a5 bxa5 20.
bxa5 Nc5 21. Qa2 Rfd8 22. Rb1 d5 23. cxd5 Bxd5 24. Qa1 Bf6 25. Bf2 Nb3 26. Qa4 Nc5 27. Qa3 Be7 28. Qa1 Bf8 29. Rdc1 Rb8 30. Bc4 Rxb1 31. Qxb1 Bxc4 32. Rxc4 Qd5 33. Rc1 e5 34. Nf5 Nd3 35. Rd1 e4 36. fxe4 Qxe4 37. Qb6 Qxf5 38.
Qxd8 Qxf2+ 39. Kh1 Nf4 40. Qa8 h5 41. h3 h4 42. Rd8 Qe1+ 43. Kh2 Qg3+ 44. Kh1 Ne6 45.
Re8 Qe1+ 46. Kh2 Qxa5 47. Kh1 Qe1+ 48. Kh2 Qe5+ 49. Kh1 a5 50. Qa7 Qe1+ 51. Kh2 Qg3+ 52. Kh1 Kh7 53. Qa8 Qe1+ 0-1

[Event "Early-Titled-Tuesday-Blitz-September-05-2023"]
[Site "Chess.com"]
[Date "2023.09.05"]
[Round "5"]
[White "Andrei_Skvortsov"]
[Black "ExchangeAB"]
[Result "1-0"]
[WhiteElo "2635"]
[BlackElo "2435"]
[TimeControl "180+1"]
[EndTime "8:54:55 PDT"]
[Termination "Andrei_Skvortsov won by resignation"]

1. e4 c6 2. c4 d5 3. cxd5 cxd5 4. e5 Nc6 5. d4 Bf5 6. Bd3 Bxd3 7. Qxd3 e6 8. Nf3 Nge7 9. O-O Rc8 10. Nc3 Nf5 11.
Bg5 Qb6 12. Nxd5 Qa5 13. Ne3 g6 14. Bf6 Rg8 15. d5 Nb4 16. Qd2 Nxe3 17. dxe6 Ned5 18. exf7+ Kxf7 19. Ng5+ Ke8 20. a3 Nc6 21. b4 Qb5 22. Rfd1 Nce7 23. Ne6 b6 24. Rac1 Rxc1 25. Qxc1 Qd7 26.
Nxf8 Rxf8 27. Bxe7 Kxe7 28. Qg5+ Ke8 29. e6 Qxe6 30.
Qxd5 Qxd5 31. Rxd5 Rf4 32. g3 Rc4 33. Rd3 Rc1+ 34. Kg2 Rc2 35. h4 Ra2 36. Re3+ Kf7 37. g4 h5 38. g5 Ra1 39. Kg3 a5 40. Rf3+ Kg7 41. bxa5 bxa5 42. Rb3 Kf7 43. f3 a4 44. Rc3 Ra2 45. Rc7+ Kf8 46. Rc3 Kf7 47. Kf4 Rh2 48. Rc7+ Kf8 49. Ke5 Rxh4 50. f4 Kg8 51. Rc4 Rg4 52.
Kf6 h4 53. Kxg6 Kf8 54. Rxa4 h3 55. Ra8+ Ke7 56. f5 Rh4 57. f6+ Kd7 58. Ra7+ Kc6 59.
f7 h2 60. f8=Q h1=Q 61. Qa8+ Kd6 62. Ra6+ Ke5 63. Ra5+ Kd4 64. Qxh1 Rxh1 65. Kf6 Rf1+ 66. Kg7 Kc4 67. g6 Kd4 68. Kh7 Rh1+ 69. Kg8 Ke4 70.
g7 Rg1 71. Ra8 Ke5 72. Kf7 Rf1+ 73. Ke7 1-0

[Event "Early-Titled-Tuesday-Blitz-September-05-2023"]
[Site "Chess.com"]
[Date "2023.09.05"]
[Round "5"]
[White "ChEsper99"]
[Black "zverr1"]
[Result "0-1"]
[WhiteElo "2179"]
[BlackElo "2487"]
[TimeControl "180+1"]
[EndTime "8:54:55 PDT"]
[Termination "zverr1 won on time"]

1. e4 c5 2. Nf3 d6 3. Bb5+ Bd7 4. Bxd7+ Qxd7 5. c4 Nf6 6. Nc3 g6 7. d4 cxd4 8. Nxd4 Bg7 9. h3 O-O 10. Be3 Rc8 11. b3 e6 12. O-O d5 13. exd5 exd5 14. Nxd5 Nxd5 15. cxd5 Qxd5 16. Rc1 Rxc1 17. Qxc1 Nd7 18.
Rd1 Nf6 19. Nf3 Qa5 20. a4 a6 21. Rd2 Qb4 22. Qc2 Re8 23. Rd4 Qe7 24. Rc4 Qd7 25.
Rc7 Qd5 26. Qc4 h6 27. Qxd5 Nxd5 28. Rxb7 Nxe3 29. fxe3 Rxe3 30. Kf2 Rc3 31. Rb6 Rc2+ 32. Kg3 a5 33. Rb5 Bc3 34. Ne5 Rb2 35. Nc4 Be1+ 36. Kh2 Rb1 37. Nxa5 Bxa5 38. Rxa5 Rxb3 39. Ra8+ Kg7 40. a5 h5 41. a6 h4 42. Kg1 Rb2 43.
Kf1 Ra2 44. Kg1 Kf6 45. Rh8 Kg5 46. Ra8 f6 47. Kh2 Kf4 48. a7 Kg5 0-1